AoeStats
← a.l.a.n.t

Arena

504300102Analyzed
2v2 RM · 28d ago on Sep 4, 2026· 49m 21s· 4 players
Game mode
Random Map
Map size
Medium (4 player)
Population
200
Speed
Normal
Resources
Standard
Victory
Conquest
Starting age
Dark Age
Ending age
Imperial Age
RankedLock teamsTeams togetherTeam positionsShared explorationLock speedFull tech treeHidden civsTurbo modeCheats
Victory
Defeat
🇬🇧 Hindustanis · United Kingdom
1194
+13
🇮🇶 Japanese · Iraq
1128
+17
🇺🇸 Hindustanis · United States
1142
-15
🇺🇸 Huns · United States
1136
-15
dubauc
10:19 Feudal Age
11:30 Double-Bit Axe
14:06 Castle Age
13:01 Horse Collar
21:35 Scale Barding Armor
22:11 Fletching
22:49 Bow Saw
23:58 Wheelbarrow
23:59 Scale Barding Armor
27:48 Bloodlines
37:07 Imperial Age
35:06 Light Cavalry
35:54 Padded Archer Armor
37:39 Chain Barding Armor
37:36 Heavy Plow
37:25 Loom
38:57 Chemistry
39:20 Ballistics
39:48 Leather Archer Armor
39:46 Forging
43:17 Shatagni
43:29 Heavy Camel Rider
45:45 Conscription
46:04 Ring Archer Armor
47:32 Plate Barding Armor
48:36 Iron Casting
Witch
11:43 Feudal Age
16:06 Castle Age
14:40 Horse Collar
14:48 Double-Bit Axe
22:42 Heavy Plow
25:55 Thumb Ring
26:48 Wheelbarrow
27:54 Bloodlines
27:45 Husbandry
28:00 Fletching
28:13 Padded Archer Armor
28:24 Forging
28:31 Loom
30:24 Scale Barding Armor
30:55 Iron Casting
30:16 Bodkin Arrow
30:36 Leather Archer Armor
32:07 Chain Barding Armor
32:41 Hand Cart
32:11 Town Watch
33:19 Gold Mining
34:31 Bow Saw
37:12 Imperial Age
34:52 Light Cavalry
38:36 Plate Barding Armor
38:01 Bracer
38:10 Heavy Cavalry Archer
39:23 Parthian Tactics
40:14 Stone Mining
40:38 Town Patrol
42:59 Two-Man Saw
42:36 Gold Shaft Mining
42:46 Hussar
44:52 Ballistics
45:33 Chemistry
44:45 Masonry
46:12 Pikeman
a.l.a.n.t
11:19 Feudal Age
15:06 Castle Age
13:43 Double-Bit Axe
17:36 Scale Mail Armor
17:39 Squires
17:49 Horse Collar
20:51 Gold Mining
22:30 Chain Mail Armor
24:12 Arson
36:12 Imperial Age
33:52 Scale Barding Armor
33:59 Forging
33:58 Husbandry
34:24 Town Watch
35:14 Wheelbarrow
34:25 Loom
35:37 Bloodlines
36:04 Chain Barding Armor
36:15 Heavy Camel Rider
38:52 Imperial Camel Rider
40:14 Conscription
42:02 Plate Barding Armor
42:40 Forging
46:37 Fortified Wall
47:29 Chemistry
47:46 Caravan
48:38 Iron Casting
aryaszahir958
10:16 Feudal Age
10:53 Horse Collar
12:14 Double-Bit Axe
19:19 Castle Age
17:44 Stone Mining
21:01 Gold Mining
23:11 Scale Mail Armor
29:13 Squires
29:42 Chain Mail Armor
29:42 Forging
30:32 Wheelbarrow
34:29 Imperial Age
31:41 Pikeman
33:20 Gold Shaft Mining
32:24 Elite Skirmisher
34:55 Hand Cart
35:18 Fletching
35:29 Padded Archer Armor
35:31 Gambesons
35:36 Arson
35:42 Capped Ram
36:00 Halberdier
37:35 Bow Saw
38:02 Bodkin Arrow
38:24 Leather Archer Armor
38:15 Elite Samurai
41:35 Bracer
Connection lost

Rejoining the realm…

Still unreachable

The connection could not be restored.

Session expired

The server has moved on; the page needs a fresh start.